Cogmind - Beta 15 @@@ ROGUE MODE // 2025.05.15 @ 00:07:47 Player: Cracklepappy Result: Destroyed by Lightning with EMDS Performance ------------- Evolutions (4) 2000 Regions Visited (23) 4600 Robots Destroyed (438) 2190 Value Destroyed (18434) 18434 Prototype IDs (49) 980 Alien Tech Used (0) 0 Bonus (9562) 9562 TOTAL SCORE: 37766 Bonus ------- High Alert Combat Kills 2625 Follower Combat Kills 2091 Entered Garrisons 800 Used RIF Installer 2500 Network Hubs Disabled 400 Aligned with FarCom 300 Built Enhanced Grunts 300 A7 Reached Mainframe 300 Met R17 at Cetus 500 Friendly Fire -254 Cogmind --------- Core Integrity 0/850 Matter 81/300 Energy 13/100 System Corruption 57% Temperature Hot (270) Movement Treading (240) Ox1 Location -6/Hub_04(d) Parts ------- > --- POWER (1) -------- (None) > --- PROPULSION (4) --- Centrium Heavy Treads > --- UTILITY (6) ------ Advanced Heat Sink Huge Storage Unit Weapon Mount Core Analyzer Chronowheel > --- WEAPON (4) ------- Latent Energy Streamer Great Axe > --- INVENTORY (25) --- Advanced Heat Sink Lightpack 2.0 High-capacity Matter Pod (137) Weapon Mount Weapon Mount Advanced Weapon Cycler Experimental Thermal Shield Remote Force Field High-powered Tractor Beam Remote Datajack Plasma Cutter Peak State ------------ > --- POWER ------------ Quantum Reactor > --- PROPULSION ------- Centrium Heavy Treads Centrium Heavy Treads > --- UTILITY ---------- Improved Cooling System Huge Storage Unit Weapon Mount Core Analyzer Centrium Medium Armor Plating Centrium Medium Armor Plating > --- WEAPON ----------- KE Penetrator Advanced KE Penetrator Advanced KE Penetrator Advanced KE Penetrator > --- INVENTORY -------- Centrium Heavy Treads Lightpack 2.0 High-capacity Matter Pod Structural Scanner Weapon Mount Weapon Mount Advanced Weapon Cycler Centrium Medium Armor Plating Centrium Medium Armor Plating Experimental Thermal Shield Dynamic Insulation System High-powered Tractor Beam Chronowheel Advanced Variable Charge Gun Advanced Variable Charge Gun Latent Energy Streamer Heavy Plasma Cannon Heavy Machine Gun Remote Datajack Plasma Cutter Great Axe [Rating: 123] Favorites ----------- Power Cooled Ion Engine Engine Cooled Ion Engine Power Core Reinforced Fission Core Reactor Antimatter Reactor Propulsion Armored Treads Treads Armored Treads Wheel Armored Huge Wheel Flight Unit Xenon Bombardment Thruster Utility Huge Storage Unit Device Improved Cooling System Storage Huge Storage Unit Processor Core Analyzer Hackware Relay Coupler [NC] Protection Centrium Medium Armor Plating Weapon Heavy Assault Rifle Energy Gun Gatling Laser Energy Cannon Heavy Plasma Cannon Ballistic Gun Heavy Assault Rifle Ballistic Cannon Antimatter Cannon Launcher Rocket Launcher Special Weapon Remote Datajack Slashing Weapon Great Axe Piercing Weapon Spear Build | -11 -10 -10 -9 -9 -9 -8 -8 -8 -8 -8 -7 -7 -7 -7 -7 -7 -6 -6 -6 -6 -6 -6 -6 ------- Run | Yrd Mat Min Mat Min Exi Min Mat Gar Mat Gar Fac Was Fac Gar Fac Gar Fac Was Fac Ext Cet Arc Hub Slots Evolved 8 | . . . 2 . . . 2 . . . 2 . . . . . 2 . . . . . . Power . | . . . . . . . . . . . . . . . . . . . . . . . . Propulsion 2 | . . . 1 . . . 1 . . . . . . . . . . . . . . . . Utility 4 | . . . . . . . . . . . 2 . . . . . 2 . . . . . . Weapon 2 | . . . 1 . . . 1 . . . . . . . . . . . . . . . . Parts Attached 264 | 9 15 . 28 . 14 2 6 16 20 14 17 4 . 10 . 18 22 8 5 16 9 7 24 Power 16 | 1 3 . 1 . 1 . . . . . 1 . . . . 1 1 2 . 1 . . 4 Engine 7 | 1 3 . 1 . 1 . . . . . . . . . . . . . . . . . 1 Core 3 | . . . . . . . . . . . 1 . . . . 1 1 . . . . . . Reactor 6 | . . . . . . . . . . . . . . . . . . 2 . 1 . . 3 Propulsion 53 | 2 1 . 8 . 5 . 2 6 6 1 3 . . 2 . . 8 3 1 2 1 . 2 Treads 41 | 2 1 . 8 . 5 . 2 4 6 1 . . . . . . 3 3 1 2 1 . 2 Leg . | . . . . . . . . . . . . . . . . . . . . . . . . Wheel 11 | . . . . . . . . 2 . . 3 . . 2 . . 4 . . . . . . Hover . | . . . . . . . . . . . . . . . . . . . . . . . . Flight 1 | . . . . . . . . . . . . . . . . . 1 . . . . . . Utility 82 | 3 3 . 4 . 2 2 1 3 4 6 7 1 . 4 . 6 10 1 3 3 3 4 12 Device 41 | 2 1 . 2 . . 2 1 3 . 2 4 . . 2 . 2 4 1 2 2 1 4 6 Storage 7 | 1 2 . . . . . . . 1 . 1 . . 1 . . . . . . . . 1 Processor 4 | . . . . . 1 . . . . 1 . . . . . 1 1 . . . . . . Hackware 16 | . . . . . . . . . 2 1 1 1 . 1 . 3 4 . 1 1 . . 1 Protection 14 | . . . 2 . 1 . . . 1 2 1 . . . . . 1 . . . 2 . 4 Artifact . | . . . . . . . . . . . . . . . . . . . . . . . . Weapon 113 | 3 8 . 15 . 6 . 3 7 10 7 6 3 . 4 . 11 3 2 1 10 5 3 6 Energy Gun 23 | 3 3 . 2 . . . . . . . 4 . . . . 1 . 1 . 5 4 . . Energy Cannon 17 | . 1 . 4 . . . . 1 . . . 3 . 3 . 2 . 1 . 1 . . 1 Ballistic Gun 51 | . 1 . 5 . 5 . 3 5 7 7 . . . . . 8 1 . . 1 1 3 4 Ballistic Cannon 11 | . . . 3 . . . . . . . . . . 1 . . 2 . 1 3 . . 1 Launcher 3 | . 2 . 1 . . . . . . . . . . . . . . . . . . . . Special Weapon 5 | . 1 . . . . . . 1 2 . 1 . . . . . . . . . . . . Impact Weapon . | . . . . . . . . . . . . . . . . . . . . . . . . Slashing Weapon 2 | . . . . . 1 . . . 1 . . . . . . . . . . . . . . Piercing Weapon 1 | . . . . . . . . . . . 1 . . . . . . . . . . . . Special Melee Weapon . | . . . . . . . . . . . . . . . . . . . . . . . . Unidentified Prototypes 10 | . . . 2 . . 1 . 1 . . . . . . . . . 1 . . 5 . . Corrupted Parts 11 | . . . . . . . . . . . . . . . . . . . . . 4 3 4 System Corruption 54 | . . . . . . . . . . . . . . . . . . . . . 16 11 27 Parts Lost 76 | . 1 . 1 . 7 . 2 3 . . 1 . . 4 . 5 10 . . 16 2 . 24 Power 4 | . . . . . . . . . . . . . . . . . . . . 1 . . 3 Propulsion 16 | . . . . . 4 . 1 . . . 1 . . 2 . . 3 . . 2 . . 3 Utility 15 | . . . 1 . 1 . . . . . . . . 1 . 2 2 . . 1 . . 7 Weapon 41 | . 1 . . . 2 . 1 3 . . . . . 1 . 3 5 . . 12 2 . 11 Highest Loss Streak 15 | . 1 . 1 . 5 . 2 2 . . 1 . . 2 . 3 8 . . 8 2 . 15 To Critical Strikes 5 | . . . . . 2 . . . . . . . . 1 . . 1 . . . 1 . . Average Backups 22 | 6 15 24 23 24 20 21 21 21 21 21 25 24 24 24 26 26 26 26 25 24 26 25 23 Power . | . . . 1 1 1 1 1 1 1 1 . 1 1 1 1 1 1 1 1 . 1 1 . Propulsion 3 | 3 3 5 5 6 4 2 1 1 2 1 1 3 3 2 1 2 5 8 4 3 2 2 1 Utility 8 | . 2 6 5 5 4 10 11 12 10 10 9 8 8 10 14 14 11 10 11 13 14 15 13 Weapon 7 | 1 8 13 10 11 9 6 5 4 5 6 10 9 9 6 7 5 5 3 5 4 6 5 5 Tool/Special . | . . . . . . . . . . . . . . . . . . . . . . . . Unused Backups 103 | . 11 . 15 . 6 1 2 2 4 6 12 . . 3 . 4 6 5 4 3 10 1 8 Power 8 | . 1 . 1 . 3 . . . . . . . . . . . . 1 . . 1 . 1 Propulsion 22 | . 3 . 4 . . . 1 . . 1 . . . . . 1 3 3 3 1 2 . . Utility 39 | . 2 . 1 . 2 . 1 2 3 3 5 . . 1 . 2 1 1 1 1 7 . 6 Weapon 30 | . 5 . 9 . 1 1 . . 1 . 7 . . 2 . . 2 . . 1 . 1 . Tool/Special 4 | . . . . . . . . . . 2 . . . . . 1 . . . . . . 1 Average Slot Usage (%) 90 | . 100 100 99 100 77 99 99 99 99 99 86 76 76 75 76 75 85 84 80 75 78 78 80 Engine 7 | . 14 14 11 11 11 11 9 9 9 9 4 . . . . . . . . . . . . Reactor 1 | . . . . . . . . . . . . . . . . . . 3 6 5 6 6 5 Treads 23 | . 28 28 32 33 33 33 35 30 34 28 8 . . . . . 6 12 13 13 13 13 12 Wheel 3 | . . . . . . . . 5 1 7 15 15 15 14 15 15 12 5 . . . . . Device 9 | . 14 14 6 11 7 7 9 9 8 1 8 7 7 11 15 6 3 5 8 13 14 14 11 Storage 9 | . 14 14 11 11 11 11 9 9 9 9 7 7 7 7 7 7 6 6 6 6 6 6 6 Processor 1 | . . . . . 2 2 . . . . . . . . . 2 2 6 6 6 6 6 6 Hackware 2 | . . . . . . . . . . 4 . 5 2 . . 5 17 13 10 3 . . 2 Protection 1 | . . . 4 . . . . . . 3 6 1 4 2 . . . . . . 4 3 6 Energy Gun 4 | . 14 28 2 . . . . . . . 15 4 26 8 . . . . . 6 14 . 2 Energy Cannon 3 | . 3 . 3 . . . . . . . . 19 2 20 30 9 . 8 11 6 3 . . Ballistic Gun 17 | . 5 . 25 33 11 31 35 31 33 31 13 . . . . 17 17 . . . 1 25 22 Ballistic Cannon 1 | . . . 1 . . . . . . . . . . . . . 6 13 12 8 . . . Peak Build Rating 123 | 9 12 12 29 28 32 37 39 43 39 49 68 68 70 75 68 72 68 86 88 86 110 114 123 Average Rating 44 | 5 9 12 25 28 21 32 37 36 34 40 59 64 66 69 68 61 63 77 84 79 94 111 112 On Entrance 51 | . 8 12 12 28 28 31 33 37 37 39 49 63 65 68 68 68 60 62 84 85 79 110 114 Naked Turns . | . . . . . . . . . . . . . . . . . . . . . . . . Heaviest Build 206 | 15 92 92 104 98 101 98 101 108 104 111 185 192 192 206 203 204 188 194 198 198 192 193 193 Greatest Support 160 | 40 40 40 60 60 69 69 92 86 84 84 56 56 56 56 56 56 80 140 140 140 150 150 160 Greatest Overweight (x) 11 | . 2 2 2 1 1 1 1 4 4 4 7 3 3 7 3 3 11 7 1 1 1 1 1 Average Overweight (x) 1 | . . 2 1 1 1 1 1 2 1 2 4 3 3 3 3 2 4 3 1 1 1 1 . Largest Inventory Capacity 30 | 8 25 25 25 25 25 25 25 25 25 25 30 30 30 30 30 30 30 30 30 30 30 30 30 Average Capacity 25 | 7 16 25 25 25 25 25 25 25 25 25 29 30 30 30 30 30 30 30 30 30 30 30 28 Most Carried 30 | 8 25 25 25 25 25 25 25 25 25 25 30 30 30 30 30 30 30 30 30 30 30 30 30 Average Carried 25 | 6 15 24 24 25 20 24 24 24 24 24 28 30 29 29 30 29 28 29 29 28 29 29 27 Final Capacity 30 | 8 25 25 25 25 25 25 25 25 25 25 30 30 30 30 30 30 30 30 30 30 30 30 25 Final Carried 30 | 8 25 25 25 25 25 25 25 25 25 25 30 30 30 30 30 30 30 30 30 30 30 30 13 Class Distribution -------------------- 20% | Scavenger-Gunner 20% | Mutant 14% | Gunner 7% | Scavenger-Tank 6% | Hauler-Gunner 6% | Bothacker-Gunner 5% | Tank 5% | Hauler-Tank 4% | Scavenger-Skirmisher 3% | Bothacker-Tank Dominant Class ---------------- Mutant | -10/Materials Mutant | -10/Mines Gunner | -9/Materials Gunner | -9/Mines Mutant | -9/Exiles Gunner | -8/Mines Scavenger-Gunner | -8/Materials Scavenger-Gunner | -8/Garrison Scavenger-Skirmisher | -8/Materials Scavenger-Gunner | -8/Garrison Hauler-Tank | -7/Factory Hauler-Gunner | -7/Waste Hauler-Tank | -7/Factory Bothacker-Gunner | -7/Garrison Bothacker-Gunner | -7/Factory Bothacker-Gunner | -7/Garrison Bothacker-Gunner | -6/Factory Bothacker-Tank | -6/Waste Bothacker-Tank | -6/Factory Hauler-Gunner | -6/Extension Scavenger-Tank | -6/Cetus Scavenger-Tank | -6/Archives Scavenger-Tank | -6/Hub_04(d) Resources | -11 -10 -10 -9 -9 -9 -8 -8 -8 -8 -8 -7 -7 -7 -7 -7 -7 -6 -6 -6 -6 -6 -6 -6 ----------- Run | Yrd Mat Min Mat Min Exi Min Mat Gar Mat Gar Fac Was Fac Gar Fac Gar Fac Was Fac Ext Cet Arc Hub Matter Collected 14812 | 300 458 . 1191 58 892 190 783 978 1012 1217 523 . 391 684 . 779 1471 282 527 1216 165 469 1226 Remotely 603 | . . . 130 58 18 . . . . . . . . . . . . . . . . . 397 Salvage Created 20214 | 129 979 25 2062 81 482 129 809 1159 1153 1292 521 . 382 1788 . 973 1290 1602 531 1708 157 557 2405 Parts 961 | 8 56 1 121 5 53 13 31 56 69 87 20 . 17 64 . 36 53 30 23 52 6 29 131 Haulers Intercepted 14 | . 2 . 6 . . . 1 . 4 . . . . . . . 1 . . . . . . Recyclers Shooed 15 | . 3 . 1 . . . 2 . 1 . . . . . . . 2 . . 6 . . . Parts Field Recycled . | . . . . . . . . . . . . . . . . . . . . . . . . Retrieved Matter . | . . . . . . . . . . . . . . . . . . . . . . . . Parts Self-Destructed . | . . . . . . . . . . . . . . . . . . . . . . . . Prevented . | . . . . . . . . . . . . . . . . . . . . . . . . Kills | -11 -10 -10 -9 -9 -9 -8 -8 -8 -8 -8 -7 -7 -7 -7 -7 -7 -6 -6 -6 -6 -6 -6 -6 ------- Run | Yrd Mat Min Mat Min Exi Min Mat Gar Mat Gar Fac Was Fac Gar Fac Gar Fac Was Fac Ext Cet Arc Hub Combat Hostiles Destroyed 333 | . 23 1 38 2 5 7 11 23 15 32 10 . 7 37 . 17 17 6 15 23 2 2 40 Melee 1 | . . . . . . . 1 . . . . . . . . . . . . . . . . Guns 233 | . 16 1 32 2 3 7 10 20 15 32 10 . 7 12 . 3 12 . . 10 . 2 39 Cannons 78 | . 4 . 4 . . . . 1 . . . . . 22 . 12 5 4 13 12 . . 1 AOE 8 | . 3 . 1 . 2 . . 2 . . . . . . . . . . . . . . . Classes Destroyed 24 | 2 6 . 3 . 3 . . 2 1 . . . . 3 . . 2 1 . . . . 1 Worker 22 | . 1 . 2 . . . . . 1 . 2 . 2 . . . 4 . . 2 . . 8 Builder 9 | . . . . . . . . . 2 . . . . . . . . . . 1 . . 6 Tunneler 6 | 2 1 . 1 . . 2 . . . . . . . . . . . . . . . . . Hauler 14 | . 2 . 6 . . . 1 . 4 . . . . . . . 1 . . . . . . Recycler 16 | 1 2 . 3 . . . 1 . 1 . . . . . . . 4 . . 4 . . . Operator 11 | . 1 . . . . . . . . . . . . . . . 1 . . . . 9 . Turret 1 | . . . . . 1 . . . . . . . . . . . . . . . . . . Watcher 19 | . 2 . 5 . . . 3 . 2 . 2 . 2 1 . . . . . 1 . . 1 Swarmer 75 | . 12 . 11 . . 7 . 2 3 9 3 . 1 7 . . 6 . 7 . . . 7 Saboteur 1 | . . . . . . . . . . . . . . . . . . . . . . . 1 Grunt 137 | . 11 1 14 2 . . 8 11 6 8 4 . 5 18 . 9 4 . 5 10 . . 21 Brawler 6 | . . . 1 . . . . 1 . 1 . . . 1 . 1 . . . 1 . . . Duelist 9 | . . . 2 . . . . . . 1 . . . 1 . 1 2 . . 1 . . 1 Protector 3 | . . . . . . . . . . . . . . 1 . . . . . . . . 2 Sentry 45 | . . . 10 . . . 3 4 6 3 2 . . 4 . 1 . . 1 7 . 2 2 Demolisher 1 | . . . . . . . . . . . . . . 1 . . . . . . . . . Specialist 6 | . . . . . . . . . . . . . . 4 . 2 . . . . . . . Hunter 16 | . . . . . . . . 2 . 5 . . 1 . . 1 1 . 1 2 . . 3 Programmer 14 | . . . . . . . . 3 . 5 1 . . . . 2 1 . 1 . . . 1 Heavy 3 | . . . . . . . . . . . . . . . . . 2 . . . . . 1 Behemoth 4 | . . . . . . . . . . . . . . . . . 1 . . 2 . . 1 Compactor 6 | . . . . . . . . . . . . . . . . . . 6 . . . . . Cetus Guard 2 | . . . . . . . . . . . . . . . . . . . . . 2 . . Enhanced Grunt 1 | . . . . . . . . . . . . . . . . . . . . . . 1 . Zionite 7 | . . . . . 7 . . . . . . . . . . . . . . . . . . Assembled 4 | . . . . . 4 . . . . . . . . . . . . . . . . . . Thug 1 | . . . . . . . . . 1 . . . . . . . . . . . . . . Best Kill Streak 25 | 1 4 1 6 2 6 5 6 4 4 6 4 . 5 5 . 8 6 1 4 10 1 2 25 Combat Bots Only 18 | . 3 1 6 2 3 4 6 4 4 6 3 . 3 5 . 8 3 1 4 7 1 2 18 Max Kills in Single Turn 5 | 1 2 1 3 1 2 1 1 2 2 3 1 . 2 2 . 1 3 1 1 2 1 2 5 Gunslinging 2 | . . . 1 . . . . 1 1 2 . . . 1 . . . . . . . . 2 Exploded 2 | . 1 . 1 . 2 . . 1 . . . . . . . . . . . . . . . Melee 1 | . . . . . . . 1 . . . . . . . . . . . . . . . . Uniques/NPCs Destroyed 5 | . . . . . 4 1 . . . . . . . . . . . . . . . . . 8R-AWN (-9/Exiles) EX-HEX (-9/Exiles) EX-BIN (-9/Exiles) EX-DEC (-9/Exiles) 7V-RTL (-8/Mines) Combat | -11 -10 -10 -9 -9 -9 -8 -8 -8 -8 -8 -7 -7 -7 -7 -7 -7 -6 -6 -6 -6 -6 -6 -6 -------- Run | Yrd Mat Min Mat Min Exi Min Mat Gar Mat Gar Fac Was Fac Gar Fac Gar Fac Was Fac Ext Cet Arc Hub Hostile Shots Fired 1990 | . 98 6 149 7 85 29 44 72 39 133 88 . 16 196 . 108 127 . 94 278 20 8 393 Missed 486 | . 26 2 43 4 17 9 9 18 13 32 25 . 3 51 . 23 24 . 27 91 4 . 65 Hits 1504 | . 72 4 106 3 68 20 35 54 26 101 63 . 13 145 . 85 103 . 67 187 16 8 328 Melee 20 | . . . 4 . . . . . . 3 . . . 1 . . . . . . . . 12 Projectile 1484 | . 72 4 102 3 68 20 35 54 26 98 63 . 13 144 . 85 103 . 67 187 16 8 316 AOE 9 | . . . . . . . . . . . . . . 5 . . 4 . . . . . . Critical Strikes 78 | . . . 5 . 20 . 2 1 4 2 1 . . 3 . 1 4 . . 2 2 . 31 Damage Taken 25108 | . 661 104 1273 42 1803 165 562 821 367 1337 633 . 205 1940 . 1282 2378 . 987 2495 370 187 7496 Core 2291 | . 91 23 112 . 219 26 91 100 46 173 40 . 32 299 . 161 302 . 97 118 . . 361 Absorbed by Shields 214 | . . . . . . . . . . 97 . . . . . . . . . 49 68 . . Reduced by Siege Mode 555 | . . . . . . . . . . . . . . . . . . . 20 102 25 . 408 Ignored by Resistances 422 | . . . . . . . . . . 19 . . . . . . . . . . . . 403 Regen/Repaired (Parts) 953 | . 243 . 223 . . . . . 218 . . . 90 . . . 179 . . . . . . Core Remaining (%) 42 | 100 . 54 . . . 10 . . . 25 . . . . . 24 . . . . . . . Volleys Fired 1081 | 18 99 3 97 4 81 15 28 52 43 63 35 9 21 79 . 50 55 75 41 96 12 24 81 Largest 4 | 1 2 2 3 3 3 3 4 4 4 4 4 3 4 4 . 4 4 2 4 4 2 4 4 Hottest 392 | 50 100 90 204 69 69 69 92 146 102 107 320 294 320 392 . 376 122 180 246 289 135 140 225 Shots Fired 2854 | 18 182 6 284 12 215 45 106 166 136 235 112 14 61 228 . 110 166 80 101 208 26 78 265 Gun 2077 | 18 138 6 227 12 202 45 104 162 124 235 103 . 55 73 . 49 107 . . 69 15 78 255 Cannon 627 | . 35 . 56 . . . 2 1 1 . . 8 . 146 . 56 44 72 87 98 11 . 10 Launcher 17 | . . . 1 . 13 . . 3 . . . . . . . . . . . . . . . Special 133 | . 9 . . . . . . . 11 . 9 6 6 9 . 5 15 8 14 41 . . . Kinetic 1858 | . 48 . 229 12 202 45 104 162 124 235 64 . . 10 . 56 151 . 42 72 . 78 224 Thermal 757 | 18 69 . 52 . . . 2 1 1 . 39 8 55 209 . 49 . 72 45 95 2 . 40 Explosive 17 | . . . 1 . 13 . . 3 . . . . . . . . . . . . . . . Electromagnetic 98 | . 65 6 2 . . . . . . . . . . . . . . . . . 24 . 1 Robot Hit Streak 45 | 6 9 2 18 6 45 6 16 18 23 10 9 10 8 17 . 12 12 11 11 39 29 25 41 Robot Miss Streak 10 | 3 6 2 3 1 5 2 2 4 3 4 7 2 10 5 . 5 3 3 2 2 1 5 4 Penetration Max 1 | . . . . . . . . 1 1 1 . . . . . . 1 . . 1 . 1 1 Secondary Targets 59 | . 4 . 7 . . 4 1 5 2 9 . . 1 3 . . 2 . . . . . 21 Max Gunslinging Chain 2 | . 1 . 1 . . 1 1 1 1 2 . . 1 1 . . 1 . . . . . 2 Shots Hit Robots 1914 | 12 94 5 200 9 150 31 76 129 87 139 67 11 41 155 . 60 101 49 54 173 25 49 197 Core Hits 833 | 4 45 5 69 3 48 8 31 55 38 59 32 1 28 74 . 31 45 14 18 86 12 21 106 Critical Kills 36 | . . . 1 . . 1 1 . 2 1 . . . 2 . 2 1 2 2 1 . 8 12 Critical Parts Destroyed 24 | . . . 1 . . . . 1 1 . . . . . . . . . . 3 . 2 16 Critical Strikes 76 | 2 1 . 2 . 1 1 3 3 3 1 . . . 5 . 3 1 2 2 7 . 11 28 Burn 4 | 2 1 . . . . . . . . . . . . . . . . . . 1 . . . Meltdown 10 | . . . 1 . . . . . . . . . . 2 . 2 . 2 2 1 . . . Destroy 51 | . . . 1 . . 1 1 1 3 1 . . . . . . 1 . . 3 . 11 28 Blast 5 | . . . . . . . . . . . . . . 2 . 1 . . . 2 . . . Sever 6 | . . . . . 1 . 2 2 . . . . . 1 . . . . . . . . . Melee Attacks 142 | . . . . . 6 4 7 48 20 29 2 . . 16 . 6 4 . . . . . . Impact . | . . . . . . . . . . . . . . . . . . . . . . . . Slashing 142 | . . . . . 6 4 7 48 20 29 2 . . 16 . 6 4 . . . . . . Piercing . | . . . . . . . . . . . . . . . . . . . . . . . . Sneak Attacks 8 | . . . . . . 2 . . 2 1 . . . . . . 3 . . . . . . Combat Hostiles . | . . . . . . . . . . . . . . . . . . . . . . . . Follow-up Attacks . | . . . . . . . . . . . . . . . . . . . . . . . . Damage Inflicted 44675 | 149 1646 74 3351 148 2895 588 1304 3351 1519 2218 1205 198 654 4692 . 1953 2685 1697 1510 4207 602 1366 6663 Guns 26389 | 149 1007 51 2521 148 2114 426 1057 1823 1332 2123 1205 . 654 1292 . 497 1443 . . 1569 320 1366 5292 Cannons 12404 | . 306 . 731 . . . 25 25 . . . 198 . 2701 . 1097 946 1697 1510 2629 282 . 257 Explosions 2309 | . 331 . 99 . 431 . . 352 . . . . . . . . . . . . . . 1096 Melee 3421 | . . . . . 320 142 187 1151 187 80 . . . 699 . 359 296 . . . . . . Ramming 152 | . 2 23 . . 30 20 35 . . 15 . . . . . . . . . 9 . . 18 Kinetic 24305 | . 205 . 2535 148 2114 426 1057 1823 1332 2123 702 . . 432 . 818 2389 . 542 1709 . 1366 4584 Thermal 13464 | 149 678 . 705 . . . 25 25 . . 503 198 654 3561 . 776 . 1697 968 2489 63 . 973 Explosive 1054 | . 172 . 99 . 431 . . 352 . . . . . . . . . . . . . . . Electromagnetic 2279 | . 589 51 12 . . . . . . . . . . . . . . . . . 539 . 1088 Impact . | . . . . . . . . . . . . . . . . . . . . . . . . Slashing 3421 | . . . . . 320 142 187 1151 187 80 . . . 699 . 359 296 . . . . . . Piercing . | . . . . . . . . . . . . . . . . . . . . . . . . Highest Corruption 57 | . . . 2 2 2 2 . 1 . 1 1 16 16 16 16 16 2 2 2 . 16 27 57 Average Corruption 5 | . . . 1 2 2 2 . 1 . 1 1 8 16 16 16 16 1 2 1 . 13 9 9 Corruption Purged 29 | . . . . . . . . 1 . . . . . . . . . . 2 . . 26 . Corruption Blocked . | . . . . . . . . . . . . . . . . . . . . . . . . Effects 368 | . . . 27 9 57 14 . 7 . 3 4 3 26 79 1 49 3 13 7 . 5 26 35 Message Errors 87 | . . . 6 2 14 3 . 1 . . 2 1 2 24 . 10 2 3 . . . 7 10 Matter Fused 79 | . . . 6 3 9 7 . 1 . 2 . 1 6 17 . 11 1 1 2 . 3 2 7 Heat Flow Errors 49 | . . . 3 3 8 1 . 3 . . . . 4 11 . 5 . 4 1 . . 5 1 Energy Discharges 35 | . . . 4 . 7 1 . . . . 2 . 1 5 . 5 . 1 . . 1 5 3 Parts Rejected 8 | . . . 1 . 1 1 . . . . . . 1 1 . . . . . . . 1 2 Parts Fused 7 | . . . . . 1 1 . . . . . . 1 3 . . . . 1 . . . . Data Loss (minor) 45 | . . . 4 1 15 . . 2 . . . . 3 6 . 5 . 3 2 . . . 4 Data Loss (major) 14 | . . . 1 . 2 . . . . . . . 1 3 1 3 . 1 . . 1 . 1 Misfires 13 | . . . 1 . . . . . . 1 . . 1 2 . 3 . . 1 . . . 4 Alerts 5 | . . . . . . . . . . . . . . 2 . 1 . . . . . 2 . Weapon Failures 26 | . . . 1 . . . . . . . . 1 6 5 . 6 . . . . . 4 3 Overload Shots . | . . . . . . . . . . . . . . . . . . . . . . . . Overflow Damage 688 | . 11 . . . 44 34 . 67 87 45 . . . 122 . 89 70 . 39 33 . . 47 Projectiles 170 | . . . . . . . . . . . . . . 51 . 27 18 . 39 33 . . 2 Explosions 56 | . 11 . . . . . . . . . . . . . . . . . . . . . 45 Melee 462 | . . . . . 44 34 . 67 87 45 . . . 71 . 62 52 . . . . . . Knockbacks 29 | . . . 3 . 1 . . . . . . . . 2 . 3 6 . 5 9 . . . Impact 2 | . . . . . 1 . . . . . . . . . . . . . . 1 . . . Kinetic 27 | . . . 3 . . . . . . . . . . 2 . 3 6 . 5 8 . . . Secondary . | . . . . . . . . . . . . . . . . . . . . . . . . Self-Inflicted Damage 190 | . . . . . . . . . . 7 . . . . . . . . . . . . 183 Shots 3 | . . . . . . . . . . . . . . . . . . . . . . . 3 Rammed 22 | . 1 4 1 . 6 1 4 . . 1 . . . . . . . . . 2 . . 2 Targets Rammed 26 | . 1 4 1 . 7 2 5 . . 1 . . . . . . . . . 2 . . 3 Kicked . | . . . . . . . . . . . . . . . . . . . . . . . . Crushed 4 | . . . . . 1 1 1 . . . . . . . . . . . . . . . 1 Highest Temperature 591 | 80 202 6 340 262 274 120 15 184 107 140 480 300 202 450 . 528 398 240 269 245 72 175 591 Average Temperature 91 | 28 56 6 58 92 60 66 8 42 25 29 159 122 69 151 . 125 78 67 98 78 27 49 177 Received Heat Transfer 6129 | . 192 39 360 24 23 . 306 243 243 242 147 . 72 630 . 465 306 . 129 632 9 9 2058 Effects 35 | . . . . . . . . . . . 3 . . 4 . 8 . . . . . . 20 Shutdowns 7 | . . . . . . . . . . . 1 . . 3 . 1 . . . . . . 2 Energy Bleed 2 | . . . . . . . . . . . . . . . . 2 . . . . . . . Interference 12 | . . . . . . . . . . . 1 . . 1 . 2 . . . . . . 8 Matter Decay 5 | . . . . . . . . . . . . . . . . 1 . . . . . . 4 Short Circuit 2 | . . . . . . . . . . . . . . . . . . . . . . . 2 Damage (minor) 4 | . . . . . . . . . . . 1 . . . . . . . . . . . 3 Damage (major) 3 | . . . . . . . . . . . . . . . . 2 . . . . . . 1 Siege Activations 11 | . . . . . . . . . . . . . . . . . . . 2 4 1 . 4 Total Turns 262 | . . . . . . . . . . . . . . . . . . . 27 61 7 . 167 Longest Duration 55 | . . . . . . . . . . . . . . . . . . . 16 31 7 . 55 Martial Activations . | . . . . . . . . . . . . . . . . . . . . . . . . Shielding Activations . | . . . . . . . . . . . . . . . . . . . . . . . . Robots Disrupted 2 | . . 1 . . . . . . . . . . . . . . . . . . 1 . . Combat Hostiles 2 | . . 1 . . . . . . . . . . . . . . . . . . 1 . . Robots Corrupted 2 | . . . . . . . . . . . . . . . . . . . . . 2 . . Combat Hostiles 2 | . . . . . . . . . . . . . . . . . . . . . 2 . . Parts Fried 15 | . 3 . . . . . . . . . . . . . . . . . . . 2 . 10 Impact Corruptions . | . . . . . . . . . . . . . . . . . . . . . . . . Robots Melted 12 | . . . 1 . . . . . . . . . . 3 . 2 . 2 2 2 . . . Combat Hostiles 11 | . . . 1 . . . . . . . . . . 3 . 2 . 2 2 1 . . . Parts Melted 57 | . 3 . 6 . . . . 1 . . 3 . 5 14 . 5 . 1 7 12 . . . Heat Transferred 23562 | 592 1358 . 1332 . . . 37 37 . . 1100 300 1475 5961 . 1225 . 2650 1500 4759 37 . 1199 Parts Sabotaged . | . . . . . . . . . . . . . . . . . . . . . . . . Parts Stolen . | . . . . . . . . . . . . . . . . . . . . . . . . Parts Stripped . | . . . . . . . . . . . . . . . . . . . . . . . . Power Chain Reactions 4 | . 3 . . . . . . . . . . . . . . . . . . . . . 1 Latent Energy Used 154 | . . . . . . . . . . . . . . . . . . . . . . . 154 LE Corruption 3 | . . . . . . . . . . . . . . . . . . . . . . . 3 Alert | -11 -10 -10 -9 -9 -9 -8 -8 -8 -8 -8 -7 -7 -7 -7 -7 -7 -6 -6 -6 -6 -6 -6 -6 ------- Run | Yrd Mat Min Mat Min Exi Min Mat Gar Mat Gar Fac Was Fac Gar Fac Gar Fac Was Fac Ext Cet Arc Hub Maximum Alert Level 5 | . 1 . 2 1 . . . 5 3 4 3 . . 4 2 3 2 . 1 2 1 1 4 Low Security (%) 47 | 100 72 100 46 94 . 100 100 7 10 9 . 100 100 11 . . . 100 78 92 7 68 16 Level 1 23 | . 27 . 18 5 . . . 27 88 14 69 . . 6 . . 27 . 21 6 92 31 37 Level 2 14 | . . . 34 . . . . 15 . 25 13 . . 36 100 25 72 . . . . . 11 Level 3 8 | . . . . . . . . 25 . 27 17 . . 30 . 74 . . . . . . 6 Level 4 5 | . . . . . . . . 21 . 22 . . . 15 . . . . . . . . 27 Level 5 . | . . . . . . . . 1 . . . . . . . . . . . . . . . High Security . | . . . . . . . . . . . . . . . . . . . . . . . . Max Security . | . . . . . . . . . . . . . . . . . . . . . . . . Peak Influence 1662 | 5 280 129 568 221 . 82 129 1662 824 1438 764 100 74 1193 625 978 531 166 363 485 324 275 1552 Initial 809 | . . 72 45 221 . . 18 16 809 139 754 100 28 28 625 430 513 166 . 17 270 98 . Average 320 | . 114 14 266 49 . 20 25 757 280 742 440 73 33 679 622 790 434 26 119 71 260 148 653 Influence Increases 14454 | 15 781 244 1271 50 . 194 371 1696 635 1299 335 1 199 1235 . 638 583 17 604 1160 342 328 2456 Destroy 0b10 Robot/C 7320 | . 460 120 760 40 . 160 220 580 300 640 200 . 140 720 . 360 340 . 300 680 160 80 1060 Destroy 0b10 Robot/NC 565 | 15 45 . 85 . . 10 25 10 50 . 20 . 20 20 . 15 55 . . 55 10 45 85 Destroy Leader 1258 | . 108 30 232 10 . 20 58 30 102 30 64 . 34 40 . 40 82 . 70 96 . . 212 Allied During Kill 1053 | . . 14 . . . 2 . 31 . . . . . 9 . 9 40 . 4 253 153 125 413 Successful Hack 253 | . 30 . 27 . . . 36 14 14 . 33 . 5 21 . 14 . . . 31 . . 28 Select Force Hacks 60 | . 60 . . . . . . . . . . . . . . . . . . . . . . Disable Machine 945 | . 30 75 75 . . . 30 15 135 . . . . 30 . 30 30 . 135 15 15 60 270 Anti-Garrison Action 2100 | . . . . . . . . 950 . 500 . . . 350 . 150 . . . . . . 150 Destroy Structure 675 | . 33 5 17 . . 2 2 66 19 114 3 1 . 15 . 20 21 17 95 15 4 18 208 Lose Combat Pursuer 225 | . 15 . 75 . . . . . 15 15 15 . . 30 . . 15 . . 15 . . 30 Influence Decreases 12990 | 15 596 312 820 618 . 146 393 60 2083 75 1485 248 199 83 578 275 1085 493 568 713 579 574 992 Entered New Map 4306 | . . 113 72 347 . . 30 10 853 75 684 188 13 13 568 185 465 310 . 19 213 148 . Time Decay 6106 | 15 586 199 600 271 . 146 343 . 620 . 506 60 176 . 10 . 410 183 408 439 246 406 482 Lost Part 680 | . 10 . 10 . . . 20 30 . . 10 . . 40 . 50 100 . . 150 20 . 240 Lost Ally 585 | . . . . . . . . 20 10 . 10 . 10 30 . 40 110 . 10 105 100 20 120 Purge Threat 1313 | . . . 138 . . . . . 600 . 275 . . . . . . . 150 . . . 150 Squads Dispatched 55 | . 6 1 5 . . . . . 6 . 4 . 2 . . . 7 . 4 4 . . 16 Investigation 14 | . 4 1 3 . . . . . 2 . 1 . 1 . . . . . . 1 . . 1 Extermination 8 | . . . . . . . . . . . 2 . . . . . 2 . 2 . . . 2 Reinforcement 25 | . 2 . 2 . . . . . 1 . 1 . 1 . . . 5 . 2 3 . . 8 Assault 4 | . . . . . . . . . . . . . . . . . . . . . . . 4 Garrison 4 | . . . . . . . . . 3 . . . . . . . . . . . . . 1 Intercept . | . . . . . . . . . . . . . . . . . . . . . . . . Searches Triggered . | . . . . . . . . . . . . . . . . . . . . . . . . Construction Impeded 6 | . . . . . . . . . . . . . 1 . . . . . . 2 . . 3 Haulers Reinforced 3 | . . . . . . . . . . . . . . . . . 1 . . . . . 2 Active Scanning Responses . | . . . . . . . . . . . . . . . . . . . . . . . . Cargo Convoy Interrupts . | . . . . . . . . . . . . . . . . . . . . . . . . Alert ID Control Effect 3 | . . . . . . . . . . . . . . . . . 2 . 1 . . . . Stealth | -11 -10 -10 -9 -9 -9 -8 -8 -8 -8 -8 -7 -7 -7 -7 -7 -7 -6 -6 -6 -6 -6 -6 -6 --------- Run | Yrd Mat Min Mat Min Exi Min Mat Gar Mat Gar Fac Was Fac Gar Fac Gar Fac Was Fac Ext Cet Arc Hub Distress Signals 21 | . 2 . 4 . . . 1 . 2 1 . . 1 . . . 2 . 2 . 2 . 4 Communications Jammed . | . . . . . . . . . . . . . . . . . . . . . . . . Distress Signals . | . . . . . . . . . . . . . . . . . . . . . . . . Times Spotted 503 | . 41 5 50 2 17 8 16 26 19 37 15 6 13 39 . 21 28 6 18 42 10 14 70 Peak Tracking Total 14 | . 4 2 5 2 9 4 6 4 4 6 3 4 4 5 . 6 4 3 4 4 5 2 14 Tactical Retreats 17 | . 1 . 2 . 5 . . . 1 1 1 . . 2 . . 1 . . 1 . . 2 Traps | -11 -10 -10 -9 -9 -9 -8 -8 -8 -8 -8 -7 -7 -7 -7 -7 -7 -6 -6 -6 -6 -6 -6 -6 ------- Run | Yrd Mat Min Mat Min Exi Min Mat Gar Mat Gar Fac Was Fac Gar Fac Gar Fac Was Fac Ext Cet Arc Hub Traps Triggered 40 | . 1 . 1 . . . . 4 . 12 2 . 1 8 . 4 2 . 2 1 . . 2 Indirectly 1 | . . . . . . . . . . . . . . . . . . . . . . . 1 Trap Hack Attempts . | . . . . . . . . . . . . . . . . . . . . . . . . Triggered . | . . . . . . . . . . . . . . . . . . . . . . . . Disarmed . | . . . . . . . . . . . . . . . . . . . . . . . . Reprogrammed . | . . . . . . . . . . . . . . . . . . . . . . . . Reused . | . . . . . . . . . . . . . . . . . . . . . . . . Traps Extracted . | . . . . . . . . . . . . . . . . . . . . . . . . Installed . | . . . . . . . . . . . . . . . . . . . . . . . . Triggered . | . . . . . . . . . . . . . . . . . . . . . . . . Machines | -11 -10 -10 -9 -9 -9 -8 -8 -8 -8 -8 -7 -7 -7 -7 -7 -7 -6 -6 -6 -6 -6 -6 -6 ---------- Run | Yrd Mat Min Mat Min Exi Min Mat Gar Mat Gar Fac Was Fac Gar Fac Gar Fac Was Fac Ext Cet Arc Hub Machines Disabled 90 | . 2 5 5 . 9 . 2 5 9 4 . . . 6 . 5 2 . 9 3 1 4 19 Max in Single Turn 7 | . 2 . 1 . 2 . 1 1 2 1 . . . 1 . 1 1 . 6 1 1 1 7 Garrison Access 2 | . . . . . . . . . . . . . . . . . . . . . . . 2 Garrison Relay 13 | . . . . . . . . 4 . 3 . . . 3 . 3 . . . . . . . Phase Generator 1 | . . . . . . . . . . . . . . 1 . . . . . . . . . Network Hub 2 | . . . . . . . . . . . . . . . . . . . . . . . 2 Machines Repaired . | . . . . . . . . . . . . . . . . . . . . . . . . Machines Dismantled 4 | . . . . . . . . 1 . . . . . 1 . . . . . 1 1 . . Machines Sabotaged . | . . . . . . . . . . . . . . . . . . . . . . . . Overloaded Fab Kills . | . . . . . . . . . . . . . . . . . . . . . . . . Hacking | -11 -10 -10 -9 -9 -9 -8 -8 -8 -8 -8 -7 -7 -7 -7 -7 -7 -6 -6 -6 -6 -6 -6 -6 --------- Run | Yrd Mat Min Mat Min Exi Min Mat Gar Mat Gar Fac Was Fac Gar Fac Gar Fac Was Fac Ext Cet Arc Hub Machines Accessed 81 | . 8 1 14 . 2 . 7 4 10 3 6 . 3 3 1 2 1 . 1 11 . . 4 Terminals 56 | . 5 1 10 . . . 5 4 5 3 2 . . 3 . 2 . . 1 11 . . 4 Fabricators 4 | . . . . . . . . . . . 2 . 2 . . . . . . . . . . Repair Stations 5 | . 1 . 2 . . . . . 2 . . . . . . . . . . . . . . Recycling Units 2 | . 2 . . . . . . . . . . . . . . . . . . . . . . Scanalyzers 8 | . . . 2 . . . 1 . 2 . 2 . . . . . 1 . . . . . . Garrison Access 4 | . . . . . . . 1 . 1 . . . 1 . 1 . . . . . . . . Total Hacks 227 | . 28 2 39 . 2 . 24 7 35 11 14 . 7 7 1 2 2 . 1 35 . . 10 Successful 92 | . 13 . 17 . 2 . 11 2 16 1 6 . 5 3 1 1 . . 1 9 . . 4 Failed 135 | . 15 2 22 . . . 13 5 19 10 8 . 2 4 . 1 2 . . 26 . . 6 Catastrophic 28 | . . . 7 . . . 2 . 5 2 2 . 1 3 . . . . . 4 . . 2 Database Lockouts . | . . . . . . . . . . . . . . . . . . . . . . . . Manual 52 | . 10 2 16 . 1 . 3 . 7 4 1 . 2 2 . . . . . 3 1 . . Terminals 158 | . 19 2 26 . . . 18 7 16 11 4 . . 7 . 2 . . 1 35 . . 10 Fabricators 9 | . . . . . . . . . . . 3 . 6 . . . . . . . . . . Repair Stations 20 | . 6 . 5 . . . . . 9 . . . . . . . . . . . . . . Recycling Units 3 | . 3 . . . . . . . . . . . . . . . . . . . . . . Scanalyzers 31 | . . . 8 . . . 5 . 9 . 7 . . . . . 2 . . . . . . Garrison Access 4 | . . . . . . . 1 . 1 . . . 1 . 1 . . . . . . . . Terminal Hacks 50 | . 7 . 7 . 2 . 8 2 5 1 1 . . 2 . 1 . . 1 9 . . 4 Record 3 | . 2 . . . 1 . . . . . . . . . . . . . . . . . . Part Schematic 4 | . . . 2 . . . . . . . . . . . . . . . . 1 . . 1 Robot Schematic 1 | . 1 . . . . . . . . . . . . . . . . . . . . . . Prototype ID Bank 9 | . 2 . 2 . . . 3 . . . . . . . . . . . . 2 . . . Open Door 7 | . . . . . . . . . . . . . . 1 . . . . 1 5 . . . Branch Access Points 2 | . . . 1 . . . . . 1 . . . . . . . . . . . . . . Emergency Access Points 3 | . . . . . . . 1 . . 1 . . . 1 . . . . . . . . . Alert Level 1 | . . . . . . . 1 . . . . . . . . . . . . . . . . Unreport Threat 3 | . . . 1 . . . . . 1 . . . . . . . . . . . . . 1 Locate Traps 5 | . 1 . 1 . . . 1 . . . 1 . . . . . . . . 1 . . . Transport Status 1 | . . . . . . . . . 1 . . . . . . . . . . . . . . Recall Reinforcements 1 | . . . . . . . . . . . . . . . . . . . . . . . 1 Hauler Manifests 2 | . . . . . . . . . 1 . . . . . . . . . . . . . 1 Registered Components 1 | . . . . . . . 1 . . . . . . . . . . . . . . . . Zone Layout 3 | . 1 . . . . . 1 . 1 . . . . . . . . . . . . . . Garrison Registry 2 | . . . . . . . . 1 . . . . . . . 1 . . . . . . . Patrol Navigation 1 | . . . . . . . . 1 . . . . . . . . . . . . . . . Proto ID Catalog 1 | . . . . . 1 . . . . . . . . . . . . . . . . . . Fabricator Hacks 3 | . . . . . . . . . . . 1 . 2 . . . . . . . . . . Network Status 2 | . . . . . . . . . . . 1 . 1 . . . . . . . . . . Load Schematic 1 | . . . . . . . . . . . . . 1 . . . . . . . . . . Repair Station Hacks 14 | . 4 . 4 . . . . . 6 . . . . . . . . . . . . . . Scan Component 7 | . 2 . 2 . . . . . 3 . . . . . . . . . . . . . . Repair 7 | . 2 . 2 . . . . . 3 . . . . . . . . . . . . . . Recycling Unit Hacks . | . . . . . . . . . . . . . . . . . . . . . . . . Scanalyzer 15 | . . . 6 . . . 2 . 3 . 4 . . . . . . . . . . . . Insert Component 7 | . . . 2 . . . 1 . 2 . 2 . . . . . . . . . . . . Analyze 8 | . . . 4 . . . 1 . 1 . 2 . . . . . . . . . . . . Garrison Access Hacks 4 | . . . . . . . 1 . 1 . . . 1 . 1 . . . . . . . . Unlock Access 4 | . . . . . . . 1 . 1 . . . 1 . 1 . . . . . . . . Unauthorized Hacks 6 | . 2 . . . . . . . 1 . . . 2 1 . . . . . . . . . Terminals 1 | . . . . . . . . . . . . . . 1 . . . . . . . . . Track 1 | . . . . . . . . . . . . . . 1 . . . . . . . . . Fabricators 2 | . . . . . . . . . . . . . 2 . . . . . . . . . . Haulers 1 | . . . . . . . . . . . . . 1 . . . . . . . . . . Recompile 1 | . . . . . . . . . . . . . 1 . . . . . . . . . . Repair Stations 1 | . . . . . . . . . 1 . . . . . . . . . . . . . . Mechanics 1 | . . . . . . . . . 1 . . . . . . . . . . . . . . Recycling Units 2 | . 2 . . . . . . . . . . . . . . . . . . . . . . Tunnel 2 | . 2 . . . . . . . . . . . . . . . . . . . . . . Scanalyzers . | . . . . . . . . . . . . . . . . . . . . . . . . Garrison Access . | . . . . . . . . . . . . . . . . . . . . . . . . Data Cores Recovered . | . . . . . . . . . . . . . . . . . . . . . . . . Used . | . . . . . . . . . . . . . . . . . . . . . . . . Hacking Detections 71 | . 6 1 14 . . . 6 4 10 3 6 . 3 3 1 1 1 . . 8 . . 4 Full Trace Events 13 | . . 1 3 . . . . 1 2 3 1 . . 1 . . . . . 1 . . . Feedback Events 1 | . . . 1 . . . . . . . . . . . . . . . . . . . . Corruption 1 | . . . 1 . . . . . . . . . . . . . . . . . . . . Feedback Blocked . | . . . . . . . . . . . . . . . . . . . . . . . . Robot Schematics Acquired 1 | . 1 . . . . . . . . . . . . . . . . . . . . . . Robots Built . | . . . . . . . . . . . . . . . . . . . . . . . . Authchips . | . . . . . . . . . . . . . . . . . . . . . . . . Time . | . . . . . . . . . . . . . . . . . . . . . . . . Total Robot Build Rating . | . . . . . . . . . . . . . . . . . . . . . . . . Part Schematics Acquired 8 | . . . 4 . . . . . . . 2 . . . . . . . . 1 . . 1 Parts Built . | . . . . . . . . . . . . . . . . . . . . . . . . Authchips . | . . . . . . . . . . . . . . . . . . . . . . . . Time . | . . . . . . . . . . . . . . . . . . . . . . . . Total Part Build Rating . | . . . . . . . . . . . . . . . . . . . . . . . . Parts Repaired 7 | . 2 . 2 . . . . . 3 . . . . . . . . . . . . . . Time 237 | . 52 . 77 . . . . . 108 . . . . . . . . . . . . . . Parts Recycled . | . . . . . . . . . . . . . . . . . . . . . . . . Recycled Matter . | . . . . . . . . . . . . . . . . . . . . . . . . Retrieved Matter . | . . . . . . . . . . . . . . . . . . . . . . . . Retrieved Components . | . . . . . . . . . . . . . . . . . . . . . . . . Parts Scanalyzed 4 | . . . 2 . . . 1 . . . 1 . . . . . . . . . . . . Part Schematics Acquired 4 | . . . 2 . . . . . . . 2 . . . . . . . . . . . . Parts Damaged 2 | . . . . . . . 1 . . . 1 . . . . . . . . . . . . Bothacking | -11 -10 -10 -9 -9 -9 -8 -8 -8 -8 -8 -7 -7 -7 -7 -7 -7 -6 -6 -6 -6 -6 -6 -6 ------------ Run | Yrd Mat Min Mat Min Exi Min Mat Gar Mat Gar Fac Was Fac Gar Fac Gar Fac Was Fac Ext Cet Arc Hub Used RIF Installer 5 | . . . . . . . . 1 . 2 . . . 1 . 1 . . . . . . . Hotswap 1 | . . . . . . . . . . . . . . 1 . . . . . . . . . Patrol Navigation 1 | . . . . . . . . . . 1 . . . . . . . . . . . . . Alert ID Control 1 | . . . . . . . . . . . . . . . . 1 . . . . . . . Program Shield 1 | . . . . . . . . . . 1 . . . . . . . . . . . . . Robots Hacked 39 | . . . . . . . . . 1 . 2 6 2 . . 2 9 6 4 7 . . . Non-combat 16 | . . . . . . . . . 1 . 2 . 2 . . . 4 . 3 4 . . . Combat 23 | . . . . . . . . . . . . 6 . . . 2 5 6 1 3 . . . Robot Hacks Applied 57 | . . . . . . . . . 8 . 4 6 3 . . 2 11 7 7 9 . . . parse_system 5 | . . . . . . . . . . . . . . . . . 2 1 . 2 . . . find_chute 2 | . . . . . . . . . . . 1 . . . . . 1 . . . . . . drop_inventory 4 | . . . . . . . . . . . . . . . . . 2 . 1 1 . . . ignore_parts 3 | . . . . . . . . . . . . . . . . . . . 1 2 . . . check_alert 1 | . . . . . . . . . 1 . . . . . . . . . . . . . . purge_threat 7 | . . . . . . . . . 4 . 2 . . . . . . . 1 . . . . locate_traps 1 | . . . . . . . . . 1 . . . . . . . . . . . . . . block_reporting 1 | . . . . . . . . . . . . . 1 . . . . . . . . . . summon_haulers 1 | . . . . . . . . . 1 . . . . . . . . . . . . . . ignore_targets 12 | . . . . . . . . . . . . 6 . . . . . 6 . . . . . link_fov 1 | . . . . . . . . . . . . . . . . . . . 1 . . . . amplify_resonance 1 | . . . . . . . . . . . . . . . . . 1 . . . . . . disable_weapons 1 | . . . . . . . . . . . . . . . . . . . . 1 . . . reboot_system 2 | . . . . . . . . . . . . . . . . . . . . 2 . . . streamctrl_low 1 | . . . . . . . . . . . . . . . . . . . 1 . . . . formatsys_low 7 | . . . . . . . . . 1 . 1 . 2 . . . 1 . 1 1 . . . formatsys_high 7 | . . . . . . . . . . . . . . . . 2 4 . 1 . . . . Relay Couplers Released 53 | . . . . . . . . 15 . 12 . . . 12 . 11 . . . . . . 3 Machine Destruction 53 | . . . . . . . . 15 . 12 . . . 12 . 11 . . . . . . 3 Attached 14 | . . . . . . . . . 2 . 1 1 . 1 . 3 4 . 1 1 . . . Fabnet Peak Effective % . | . . . . . . . . . . . . . . . . . . . . . . . . Robots Rewired 15 | . . . . . . . . . . . . . . 4 . . . . . 11 . . . Allies Hacked . | . . . . . . . . . . . . . . . . . . . . . . . . Hacks Repelled . | . . . . . . . . . . . . . . . . . . . . . . . . Allies | -11 -10 -10 -9 -9 -9 -8 -8 -8 -8 -8 -7 -7 -7 -7 -7 -7 -6 -6 -6 -6 -6 -6 -6 -------- Run | Yrd Mat Min Mat Min Exi Min Mat Gar Mat Gar Fac Was Fac Gar Fac Gar Fac Was Fac Ext Cet Arc Hub Total Allies 46 | . . 2 . . . . . 2 1 . 1 . 2 4 . 2 5 . 2 20 5 . . Largest Group 13 | . . 2 . . . . . 2 1 . 1 . 2 3 2 2 4 . 1 11 13 11 8 Highest-Rated Group 837 | . . 41 . . . . . 62 31 . 10 . 40 88 62 62 102 . 32 463 837 697 415 Highest-Rated Ally 159 | . . 31 . . . . . 31 31 . 10 . 26 31 31 32 32 . 32 159 159 152 96 Total Orders 8 | . . . . . . . . . . . . . 1 1 . . 1 . . 4 . . 1 STAY 3 | . . . . . . . . . . . . . . . . . . . . 2 . . 1 FOLLOW 2 | . . . . . . . . . . . . . . . . . . . . 2 . . . AID 3 | . . . . . . . . . . . . . 1 1 . . 1 . . . . . . Ally Attacks 386 | . . 14 . . . 12 . 37 6 . . . . 5 . 16 41 . 4 114 40 17 80 Total Damage 9320 | . . 493 . . . 579 . 439 21 . . . . 56 . 330 770 . 139 2458 1021 325 2689 Kills 61 | . . 7 . . . 2 . 6 . . . . . . . 1 4 . 1 14 8 2 16 Allies Corrupted . | . . . . . . . . . . . . . . . . . . . . . . . . Allies Melted . | . . . . . . . . . . . . . . . . . . . . . . . . Turrets Deployed 1 | . . . . . . 1 . . . . . . . . . . . . . . . . . Intel | -11 -10 -10 -9 -9 -9 -8 -8 -8 -8 -8 -7 -7 -7 -7 -7 -7 -6 -6 -6 -6 -6 -6 -6 ------- Run | Yrd Mat Min Mat Min Exi Min Mat Gar Mat Gar Fac Was Fac Gar Fac Gar Fac Was Fac Ext Cet Arc Hub Active Infowar (turns) 3022 | 25 778 . . . . . . 10 1937 7 2 . . . . . . . . . . . 263 Terrain 14 | 14 . . . . . . . . . . . . . . . . . . . . . . . Structural 2217 | . . . . . . . . 10 1937 7 . . . . . . . . . . . . 263 Seismic 789 | 11 778 . . . . . . . . . . . . . . . . . . . . . . Jamming 2 | . . . . . . . . . . . 2 . . . . . . . . . . . . Robot Analysis Total . | . . . . . . . . . . . . . . . . . . . . . . . . Derelict Logs Recovered 3 | . . 2 . 1 . . . . . . . . . . . . . . . . . . . Drone Launches . | . . . . . . . . . . . . . . . . . . . . . . . . Drone Recoveries . | . . . . . . . . . . . . . . . . . . . . . . . . Exploration | -11 -10 -10 -9 -9 -9 -8 -8 -8 -8 -8 -7 -7 -7 -7 -7 -7 -6 -6 -6 -6 -6 -6 -6 ------------- Run | Yrd Mat Min Mat Min Exi Min Mat Gar Mat Gar Fac Was Fac Gar Fac Gar Fac Was Fac Ext Cet Arc Hub Turns Passed 35783 | 227 2501 1828 4641 1124 4051 697 1229 2744 2090 2034 1362 125 401 1647 24 949 991 1112 1045 2184 537 989 1251 Spaces Moved 13556 | 104 997 563 1569 443 1470 238 431 1178 709 863 689 68 208 778 16 484 431 436 367 734 175 189 416 Core 3 | 3 . . . . . . . . . . . . . . . . . . . . . . . Treads 9603 | 101 997 563 1569 443 1470 238 431 604 641 407 . . . . . . 18 240 367 734 175 189 416 Legs . | . . . . . . . . . . . . . . . . . . . . . . . . Wheels 3950 | . . . . . . . . 574 68 456 689 68 208 778 16 484 413 196 . . . . . Hover . | . . . . . . . . . . . . . . . . . . . . . . . . Flight . | . . . . . . . . . . . . . . . . . . . . . . . . Fastest Speed 50 | 50 160 320 240 250 240 240 240 150 150 150 130 145 145 145 145 130 130 180 240 240 240 240 160 Average Speed 215 | 156 196 320 248 250 247 240 241 197 230 190 162 145 145 145 145 138 163 213 240 240 240 240 213 Slowest Speed 320 | 160 320 320 320 250 250 240 242 242 242 235 195 145 145 205 145 145 320 240 240 240 240 240 240 Overloaded Moves . | . . . . . . . . . . . . . . . . . . . . . . . . Propulsion Burnouts . | . . . . . . . . . . . . . . . . . . . . . . . . Robots Hopped . | . . . . . . . . . . . . . . . . . . . . . . . . Potential Cave-ins . | . . . . . . . . . . . . . . . . . . . . . . . . Cave-ins Triggered . | . . . . . . . . . . . . . . . . . . . . . . . . Exploration Rate (%) 60 | 5 99 99 98 91 89 42 36 84 70 86 19 68 9 95 1 44 16 100 12 88 73 86 44 Regions Visited 23 Branch Regions 8 Pre-discovered Areas 5 | . 2 1 . 1 1 . . . . . . . . . . . . . . . . . . Known Exits Taken 5 | . . . 1 . . . 1 . 1 . . . 1 . 1 . . . . . . . . Unknown Exits Taken 10 | 1 1 1 . 1 1 1 . . . . . . . . . . . . 1 1 1 1 . Scrap Searched 3 | . . 1 . 2 . . . . . . . . . . . . . . . . . . . Spaces Dug 74 | . 8 . . . 13 1 1 2 14 4 2 . . 4 . . . 10 3 . . . 12 Terrain Destroyed 535 | . 32 . 8 . 34 1 1 28 15 4 3 1 . 18 . 6 20 17 93 10 . 26 218 Melee 27 | . . . . . . 1 1 2 14 4 2 . . 3 . . . . . . . . . Projectile 211 | . 8 . 1 . . . . . 1 . 1 1 . 15 . 6 20 17 33 10 . 26 72 AOE 295 | . 24 . 7 . 34 . . 26 . . . . . . . . . . 60 . . . 144 Terrain Rammed . | . . . . . . . . . . . . . . . . . . . . . . . . Walls Destroyed . | . . . . . . . . . . . . . . . . . . . . . . . . Machines Disabled . | . . . . . . . . . . . . . . . . . . . . . . . . Actions | -11 -10 -10 -9 -9 -9 -8 -8 -8 -8 -8 -7 -7 -7 -7 -7 -7 -6 -6 -6 -6 -6 -6 -6 --------- Run | Yrd Mat Min Mat Min Exi Min Mat Gar Mat Gar Fac Was Fac Gar Fac Gar Fac Was Fac Ext Cet Arc Hub Total 17827 | 146 1354 577 2116 452 1707 323 536 1395 1045 1062 867 82 251 1078 16 673 620 549 466 982 264 665 601 Wait 1663 | 5 171 6 325 6 41 50 38 33 191 18 49 1 8 49 . 46 37 3 26 77 12 437 34 Move 13538 | 103 996 562 1568 442 1469 237 431 1177 709 862 689 67 208 777 16 482 431 435 366 733 174 188 416 Hop . | . . . . . . . . . . . . . . . . . . . . . . . . Pick Up 333 | 10 36 1 38 . 38 5 9 10 16 14 26 . 2 15 . 17 26 8 8 20 19 1 14 Fast Attach 98 | 5 2 . 8 . 2 2 1 6 7 6 11 . 1 10 . 5 6 3 4 3 2 8 6 Attach 128 | 2 2 . 6 . 11 . 5 4 2 3 5 . 2 10 . 6 17 2 2 16 9 . 24 Detach 14 | . . . . . . 1 1 1 . . 1 . . 2 . 1 3 . . 3 . . 1 Swap 300 | 3 22 . 27 . 18 2 5 30 29 26 16 5 7 12 . 20 23 7 9 18 7 3 11 Drop 336 | . 25 1 46 . 32 5 6 14 28 25 33 . 2 19 . 16 18 16 10 4 21 4 11 Fire 1081 | 18 99 3 97 4 81 15 28 52 43 63 35 9 21 79 . 50 55 75 41 96 12 24 81 Melee 142 | . . . . . 6 4 7 48 20 29 2 . . 16 . 6 4 . . . . . . Ram 1 | . . . . . . . . . . 1 . . . . . . . . . . . . . Kick . | . . . . . . . . . . . . . . . . . . . . . . . . Crush 25 | . 1 4 1 . 7 2 5 . . . . . . . . . . . . 2 . . 3 Escape Stasis 117 | . . . . . . . . 12 . 15 . . . 64 . 24 . . . 2 . . . Rewire 18 | . . . . . 2 . . . . . . . . 16 . . . . . . . . . Trap . | . . . . . . . . . . . . . . . . . . . . . . . . Miscellaneous 33 | . . . . . . . . 8 . . . . . 9 . . . . . 8 8 . . Route ------- -11/Scrapyard -10/Materials (discovered 5 exits: *Mat x3 / *Min / [*Sub]) -10/Mines (discovered 2 exits: *Mat x2) -9/Materials (discovered 5 exits: *Mat x3 / *Min x2) -9/Mines (discovered 3 exits: *Mat x2 / *Exi) -9/Exiles -8/Mines -8/Materials (discovered 2 exits: *Fac / Gar) -8/Garrison (discovered 3 exits: *Mat x3) -8/Materials (discovered 2 exits: *Fac / Gar) -8/Garrison (discovered 3 exits: *Fac x3) -7/Factory (discovered 2 exits: *Fac / [*Low]) -7/Waste -7/Factory -7/Garrison (discovered 4 exits: *Fac x3 / *Fac) -7/Factory -7/Garrison (discovered 3 exits: *Fac x3) -6/Factory -6/Waste -6/Factory (discovered 2 exits: [*Fac] / *Ext) -6/Extension (discovered 2 exits: [*Fac] / *Cet) -6/Cetus (discovered 2 exits: [*Fac] / [*Arc]) -6/Archives (discovered 3 exits: [*Fac] / *Hub x2) -6/Hub_04(d) (discovered 1 exit: [*Fac]) History --------- Turn | Location | Event 38 | -11/Scrapyard | Discovered new exit (range 15) 228 | -11/Scrapyard | Entered Materials 315 | -10/Materials | Build established: Mutant 805 | -10/Materials | Discovered new exit (range 6) 931 | -10/Materials | Discovered new exit (range 15) 1189 | -10/Materials | Discovered new exit (range 3) 1349 | -10/Materials | Repaired Lgt. Treads 1376 | -10/Materials | Repaired Lgt. Treads 1498 | -10/Materials | Discovered new exit (range 12) 1970 | -10/Materials | Discovered new exit (range 16) 2729 | -10/Materials | Entered Mines 2736 | -10/Mines | Received a Rocket Launcher from a helpful Derelict 3073 | -10/Mines | Discovered new exit (range 12) 3544 | -10/Mines | Learned location of 1 exit from Materials 3594 | -10/Mines | Discovered new exit (range 8) 4557 | -10/Mines | Entered Materials 4557 | -9/Materials | Evolved 2 slots: Propulsion x1, Weapon x1 4558 | -9/Materials | Identified exit to Mines 4769 | -9/Materials | Discovered exit to Mines (range 6) 5205 | -9/Materials | Repaired Lgt. Treads 5226 | -9/Materials | Build established: Scavenger-Gunner 5596 | -9/Materials | Discovered new exit (range 16) 6003 | -9/Materials | Build established: Gunner 6388 | -9/Materials | Discovered new exit (range 16) 6558 | -9/Materials | Build established: Tank 7047 | -9/Materials | Discovered new exit (range 10) 7319 | -9/Materials | Repaired Imp. Assault Rifle 8273 | -9/Materials | Build established: Gunner 9198 | -9/Materials | Entered Mines 9201 | -9/Mines | Met a Derelict bent on vengeance 9548 | -9/Mines | Discovered new exit (range 9) 9986 | -9/Mines | Deemed a non-threat by the Exiles lab entrance 9986 | -9/Mines | Discovered new exit (range 5) 10080 | -9/Mines | Discovered new exit (range 9) 10092 | -9/Mines | Learned location of Zion (-6) 10322 | -9/Mines | Entered Exiles 10391 | -9/Exiles | Met 8R-AWN 10424 | -9/Exiles | Met EX-HEX 10549 | -9/Exiles | Met EX-DEC 10592 | -9/Exiles | Visited The Gauntlet 10626 | -9/Exiles | Build established: Mutant 10931 | -9/Exiles | Discovered new exit (range 11) 11847 | -9/Exiles | Met EX-BIN 11877 | -9/Exiles | Aligned with FarCom system 11879 | -9/Exiles | Given EX-Vault access code 11939 | -9/Exiles | Opened EX-Vault 11962 | -9/Exiles | Found Lightpack 2.0 11968 | -9/Exiles | Found Chronowheel 11974 | -9/Exiles | Found Latent Energy Streamer 12020 | -9/Exiles | Warned to stay clear of 0b10 Research branches 12983 | -9/Exiles | Attacked by the Exiles 13117 | -9/Exiles | Core integrity fell below 50% 13130 | -9/Exiles | Destroyed 8R-AWN 13319 | -9/Exiles | Lost 5 parts (2n1u2w) 13544 | -9/Exiles | Build established: Gunner 13605 | -9/Exiles | Core integrity fell below 20% 13620 | -9/Exiles | Destroyed EX-HEX 13875 | -9/Exiles | Destroyed EX-BIN 13934 | -9/Exiles | Destroyed EX-DEC 14067 | -9/Exiles | Found Prototype Processor 14075 | -9/Exiles | Found Deploy-a-Sentry 14110 | -9/Exiles | Found Prototype Device 14373 | -9/Exiles | Stole four prototypes: Lightpack 2.0, Chronowheel, Latent Energy Streamer, Deploy-a-Sentry 14373 | -9/Exiles | Entered Mines 14463 | -8/Mines | DAS Turret deployed 14510 | -8/Mines | Allies destroyed 7V-RTL 14951 | -8/Mines | Discovered new exit (range 7) 15070 | -8/Mines | Entered Materials 15070 | -8/Materials | Evolved 2 slots: Propulsion x1, Weapon x1 15368 | -8/Materials | Build established: Scavenger-Gunner 15564 | -8/Materials | Identified Exp. Core Analyzer 16159 | -8/Materials | Discovered new exit (range 8) 16299 | -8/Materials | Identified exit to Garrison 16299 | -8/Materials | Entered Garrison 16408 | -8/Garrison | Triggered checkpoint 16493 | -8/Garrison | Garrison Relay disabled 16974 | -8/Garrison | Triggered checkpoint 17257 | -8/Garrison | Rescued a captive Derelict 17258 | -8/Garrison | Rescued a captive Derelict 17310 | -8/Garrison | Garrison Relay disabled 17415 | -8/Garrison | Discovered new exit (range 11) 17419 | -8/Garrison | Triggered checkpoint 17457 | -8/Garrison | Garrison Relay disabled 17685 | -8/Garrison | Triggered checkpoint 17705 | -8/Garrison | Triggered checkpoint 17927 | -8/Garrison | Identified System Purifier 17967 | -8/Garrison | Garrison Relay disabled 18017 | -8/Garrison | Discovered new exit (range 13) 18037 | -8/Garrison | Installed Relay Interface Framework 18580 | -8/Garrison | Triggered checkpoint 18665 | -8/Garrison | Discovered new exit (range 12) 18813 | -8/Garrison | Discovered new exit (range 13) 18813 | -8/Garrison | Discovered new exit (range 85) 18813 | -8/Garrison | Discovered new exit (range 81) 19043 | -8/Garrison | Entered Materials 19043 | -8/Materials | Accompanied by 1 ally 19129 | -8/Materials | Garrison activated, responded to threat 19349 | -8/Materials | Repaired Arm. Wheel 19498 | -8/Materials | Build established: Scavenger-Skirmisher 19545 | -8/Materials | Met 7R-MNS 19849 | -8/Materials | Repaired Gauss Rifle 19883 | -8/Materials | Repaired Arm. Wheel 20545 | -8/Materials | Discovered new exit (range 16) 21133 | -8/Materials | Identified exit to Garrison 21133 | -8/Materials | Entered Garrison 21240 | -8/Garrison | Triggered checkpoint 21331 | -8/Garrison | Garrison Relay disabled 21481 | -8/Garrison | Triggered checkpoint 21629 | -8/Garrison | Core integrity fell below 50% 21689 | -8/Garrison | Triggered checkpoint 21739 | -8/Garrison | Garrison Relay disabled 21779 | -8/Garrison | Build established: Scavenger-Tank 21807 | -8/Garrison | Discovered new exit (range 10) 22000 | -8/Garrison | Triggered checkpoint 22377 | -8/Garrison | Build established: Scavenger-Gunner 22443 | -8/Garrison | Expanded RIF knowledge: Program Shield 22466 | -8/Garrison | Garrison Relay disabled 22570 | -8/Garrison | Discovered new exit (range 8) 22930 | -8/Garrison | Triggered checkpoint 23097 | -8/Garrison | Discovered new exit (range 3) 23128 | -8/Garrison | Expanded RIF knowledge: Patrol Navigation 23167 | -8/Garrison | Entered Factory 23167 | -7/Factory | Evolved 2 slots: Utility x2 23312 | -7/Factory | Build established: Scavenger-Tank 23658 | -7/Factory | Build established: Hauler-Tank 24205 | -7/Factory | Build established: Hauler-Gunner 24216 | -7/Factory | Discovered new exit (range 4) 24483 | -7/Factory | Discovered new exit (range 4) 24529 | -7/Factory | Sucked down chute 24529 | -7/Factory | Entered Waste 24538 | -7/Waste | Spotted C-40 Crusher 24544 | -7/Waste | EMP discharged 24544 | -7/Waste | Spotted C-40 Crusher 24547 | -7/Waste | Spotted C-40 Crusher 24549 | -7/Waste | Spotted C-40 Crusher 24575 | -7/Waste | Spotted C-40 Crusher 24579 | -7/Waste | Spotted C-40 Crusher 24632 | -7/Waste | Discovered new exit (range 16) 24644 | -7/Waste | EMP discharged 24644 | -7/Waste | System corruption reached 10% 24654 | -7/Waste | Entered Factory 25026 | -7/Factory | Allied Derelicts emerged from ambush trap array 25053 | -7/Factory | Identified exit to Garrison 25055 | -7/Factory | Entered Garrison 25055 | -7/Garrison | Accompanied by 1 ally 25111 | -7/Garrison | Phase Generator disabled 25135 | -7/Garrison | Build established: Hauler-Tank 25143 | -7/Garrison | Triggered checkpoint 25242 | -7/Garrison | Garrison Relay disabled 25360 | -7/Garrison | Triggered checkpoint 25419 | -7/Garrison | Discovered new exit (range 10) 25513 | -7/Garrison | Triggered checkpoint 25554 | -7/Garrison | Garrison Relay disabled 25667 | -7/Garrison | Triggered checkpoint 25825 | -7/Garrison | Discovered new exit (range 9) 25955 | -7/Garrison | Garrison Relay disabled 26035 | -7/Garrison | Triggered checkpoint 26199 | -7/Garrison | Triggered checkpoint 26264 | -7/Garrison | Discovered new exit (range 15) 26294 | -7/Garrison | Discovered new exit (range 3) 26300 | -7/Garrison | Build established: Bothacker-Gunner 26363 | -7/Garrison | Triggered checkpoint 26408 | -7/Garrison | Expanded RIF knowledge: Hotswap 26500 | -7/Garrison | Core integrity fell below 50% 26702 | -7/Garrison | Entered Factory 26702 | -7/Factory | Accompanied by 2 allies 26726 | -7/Factory | Identified exit to Garrison 26726 | -7/Factory | Entered Garrison 26726 | -7/Garrison | Accompanied by 2 allies 26746 | -7/Garrison | Triggered checkpoint 26785 | -7/Garrison | Garrison Relay disabled 26931 | -7/Garrison | Destroyed 8 combat bots 27022 | -7/Garrison | Lost 3 parts (3w) 27096 | -7/Garrison | Triggered checkpoint 27152 | -7/Garrison | Triggered checkpoint 27185 | -7/Garrison | Discovered new exit (range 26) 27185 | -7/Garrison | Discovered new exit (range 71) 27185 | -7/Garrison | Discovered new exit (range 25) 27217 | -7/Garrison | Garrison Relay disabled 27526 | -7/Garrison | Build established: Botlord-Gunner 27577 | -7/Garrison | Expanded RIF knowledge: Alert ID Control 27615 | -7/Garrison | Triggered checkpoint 27629 | -7/Garrison | Garrison Relay disabled 27675 | -7/Garrison | Entered Factory 27675 | -6/Factory | Accompanied by 2 allies 27675 | -6/Factory | Evolved 2 slots: Utility x2 28139 | -6/Factory | Spotted B-75 Beast 28163 | -6/Factory | Destroyed B-75 Beast 28166 | -6/Factory | Lost 3 allies 28226 | -6/Factory | Lost 8 parts (2n2u4w) 28438 | -6/Factory | Build established: Bothacker-Gunner 28666 | -6/Factory | Sucked down chute 28666 | -6/Factory | Entered Waste 28694 | -6/Waste | Spotted C-40 Crusher 28728 | -6/Waste | Spotted C-40 Crusher 28761 | -6/Waste | Spotted C-40 Crusher 28768 | -6/Waste | Spotted C-40 Crusher 28774 | -6/Waste | Spotted C-40 Crusher 28791 | -6/Waste | Spotted C-40 Crusher 28877 | -6/Waste | Discovered new exit (range 15) 29067 | -6/Waste | Destroyed C-40 Crusher 29091 | -6/Waste | Destroyed C-40 Crusher 29154 | -6/Waste | Destroyed C-40 Crusher 29202 | -6/Waste | Destroyed C-40 Crusher 29241 | -6/Waste | Destroyed C-40 Crusher 29361 | -6/Waste | Build established: Bothacker-Tank 29434 | -6/Waste | Destroyed C-40 Crusher 29778 | -6/Waste | Entered Factory 30059 | -6/Factory | Discovered new exit (range 4) 30815 | -6/Factory | Discovered new exit (range 5) 30823 | -6/Factory | Entered Extension 30823 | -6/Extension | Accompanied by 1 ally 30898 | -6/Extension | Build established: Hauler-Gunner 31271 | -6/Extension | Rescued a captive Derelict 31983 | -6/Extension | Spotted B-75 Beast 32000 | -6/Extension | Core integrity fell below 50% 32015 | -6/Extension | Destroyed B-75 Beast 32027 | -6/Extension | Lost 3 allies 32078 | -6/Extension | Destroyed 7 combat bots 32100 | -6/Extension | Spotted B-75 Beast 32198 | -6/Extension | Lost 8 parts (1p1n6w) 32215 | -6/Extension | Rescued a captive Derelict 32248 | -6/Extension | Destroyed B-75 Beast 32386 | -6/Extension | Rescued a captive Derelict 32431 | -6/Extension | Rescued a captive Derelict 32431 | -6/Extension | Rescued a captive Derelict 32448 | -6/Extension | Disrupted transfer network 32502 | -6/Extension | Rescued A7 32549 | -6/Extension | Build established: Scavenger-Mutant 32634 | -6/Extension | Rescued a captive Derelict 32635 | -6/Extension | Rescued a captive Derelict 32933 | -6/Extension | Discovered new exit (range 10) 32936 | -6/Extension | Discovered new exit (range 6) 33007 | -6/Extension | Entered Cetus 33007 | -6/Cetus | Accompanied by 11 allies (A7) 33012 | -6/Cetus | Acquired a Cetus Manufacturing Module code from A7 33042 | -6/Cetus | Spotted Cetus Guard 33044 | -6/Cetus | Spotted Cetus Guard 33044 | -6/Cetus | Spotted Cetus Guard 33045 | -6/Cetus | Spotted Cetus Guard 33046 | -6/Cetus | Allies destroyed Cetus Guard 33052 | -6/Cetus | Allies destroyed Cetus Guard 33058 | -6/Cetus | Destroyed Cetus Guard 33065 | -6/Cetus | Allies destroyed Cetus Guard 33080 | -6/Cetus | Lost 3 allies 33211 | -6/Cetus | Started Cetus Manufacturing Module 33236 | -6/Cetus | Manufactured an Enhanced Grunt 33254 | -6/Cetus | Escorted A7 to Cetus Mainframe 33261 | -6/Cetus | Manufactured an Enhanced Grunt 33286 | -6/Cetus | Manufactured an Enhanced Grunt 33307 | -6/Cetus | Discovered new exit (range 16) 33311 | -6/Cetus | Manufactured an Enhanced Grunt 33336 | -6/Cetus | Manufactured an Enhanced Grunt 33349 | -6/Cetus | Spotted Cetus Guard 33349 | -6/Cetus | Spotted Cetus Guard 33354 | -6/Cetus | Spotted Cetus Guard 33357 | -6/Cetus | Spotted Cetus Guard 33363 | -6/Cetus | Allies destroyed Cetus Guard 33368 | -6/Cetus | Destroyed Cetus Guard 33369 | -6/Cetus | Allies destroyed Cetus Guard 33371 | -6/Cetus | Allies destroyed Cetus Guard 33376 | -6/Cetus | Found Prototype Device 33376 | -6/Cetus | Identified Exp. Thermal Shield 33399 | -6/Cetus | Discovered new exit (range 15) 33413 | -6/Cetus | Met Revision 17 33449 | -6/Cetus | System corruption reached 10% 33544 | -6/Cetus | Entered Archives 33544 | -6/Archives | Accompanied by 11 allies (A7) 33549 | -6/Archives | Received a hacking code to weaken MAIN.C 33671 | -6/Archives | Discovered new exit (range 13) 33752 | -6/Archives | Discovered new exit (range 16) 33948 | -6/Archives | Build established: Scavenger-Gunner 33960 | -6/Archives | Discovered new exit (range 16) 34360 | -6/Archives | Build established: Scavenger-Tank 34533 | -6/Archives | Entered Hub_04(d) 34533 | -6/Hub_04(d) | Accompanied by 8 allies 34545 | -6/Hub_04(d) | Discovered new exit (range 16) 34716 | -6/Hub_04(d) | Lost 4 allies 35270 | -6/Hub_04(d) | Spotted B-75 Beast 35289 | -6/Hub_04(d) | Destroyed B-75 Beast 35313 | -6/Hub_04(d) | Garrison activated, responded to threat 35354 | -6/Hub_04(d) | Lost 5 parts (1p1n1u2w) 35411 | -6/Hub_04(d) | Network Hub disabled 35555 | -6/Hub_04(d) | Destroyed 18 combat bots 35564 | -6/Hub_04(d) | Network Hub disabled 35699 | -6/Hub_04(d) | Spotted Lightning 35702 | -6/Hub_04(d) | Spotted Lightning 35704 | -6/Hub_04(d) | Spotted Lightning 35740 | -6/Hub_04(d) | Core integrity fell below 20% 35744 | -6/Hub_04(d) | System corruption reached 30% 35778 | -6/Hub_04(d) | Activated Chronowheel 35784 | -6/Hub_04(d) | Destroyed by Lightning with EMDS Last Messages --------------- 35771_ G-50 Soldier misfires. 35771_ K-01 Serf collects debris. 35771_ Penetrated by EMDS Slug. 35773_ Hvy. Plasma Cannon broken. 35773_ Overheating: Short circuit. 35773_ Penetrated by EMDS Slug. 35774_ K-01 Serf collects debris. 35776_ Overheating: Core Analyzer damaged (-10). 35776_ Penetrated by EMDS Slug. 35777_ Broken Hvy. Plasma Cannon destroyed. 35777_ Penetrated by EMDS Slug. 35777_ M-28 Smith repairs K-01 Serf Lgt. Ion Engine. 35778_ Overheating: Weapon Mount damaged (-20). 35778_ Spacetime feels off. 35779_ Centrium Medium Armor Plating destroyed. 35780_ G-50 Soldier suffers critical hit (Burn). 35780_ Penetrated by EMDS Slug. 35781_ M-28 Smith repairs G-50 Soldier. 35782_ G-50 Soldier heat short circuits Lgt. Angular Momentum Engine. 35783_ Penetrated by EMDS Slug. Map ----- +----------------------------------------------------+ | ??# #?## ##??????##########?# # # ##??????? | | ??# #?## ##??????????????????# #!########??????? | | ??# #?## ##??????????????????###+####?###??????? | | ??# #?## ##??????????????????##[!! ##??????????? | | ###+#### ##??????????????????##" ##??????????? | | # ##??????????????????##T ##??????????? | | # ##??????????????????## ##??????????? | | # ##??????????????????## # ??????????? | | / # #???????????????????## " # ??????????? | | + #????????????? ####### " # ??????????? | | # #??????? ####### " # ??????????? | | # #############+## # # ??????????? | | ! # # " # ??????????? | | # + " # ??????????? | | ######## RR t # "%!# ??????????? | | ???????# #######/###u # [ # ??????????? | | ???????# #??# # ######+??????????? | | ???????# #??# # R *% ^ ??????????? | | ?????? #??# # ^ ???????????????? | | ????? #### # ???????????????? | | ???? %+ # g*^ h ""????????????????? | | ???######+##### kk #gi%= """"???????????????? | | ??????????????# ! k kR==kghh """" ??????????????? | | ??????????????# %m%%*g ! """" #????????? | | ??????????????# ;g*% #????????? | | ??????????????# ;[% @ #????????? | | ??????????????#! = ;;;;;###/######?????????????? | | ??????????????# %!## ??????????????????????? | | ??????????????# ## ??????????????????????? | | ??????????????####+#### !?????????????????????? | | ?????????????????# #??# ?????????????????????? | | ????????????????? ???# ????????????????????? | | ????????????????? ???#######????????????????????? | | ????????????????? ??????????????????????????????? | | ????????????????# ??????????????????????????????? | | ????????????????# ??????????????????????????????? | | ????????????????# ??????????????????????????????? | | ????????????????? ??????????????????????????????? | | ?????????????????????????????????????????????????? | | ?????????????????????????????????????????????????? | | ?????????????????????????????????????????????????? | | ?????????????????????????????????????????????????? | | ?????????????????????????????????????????????????? | | ?????????????????????????????????????????????????? | | ?????????????????????????????????????????????????? | | ?????????????????????????????????????????????????? | | ?????????????????????????????????????????????????? | | ?????????????????????????????????????????????????? | | ?????????????????????????????????????????????????? | | ?????????????????????????????????????????????????? | +----------------------------------------------------+ Best States ------------- Heat Dissipation 91 Energy Generation 25 Energy Capacity 350 Matter Stores 300 Matter Capacity 300 Sight Range 16 Terrain Scan Range 16 Terrain Scan Density 10 Jamming Range 12 EM Shielding 2 Armor Coverage 900 Resistance: KI 20 Resistance: TH 30 Weapon Cycling 25 Evasion (%) 40 Targeting Accuracy 20 Core Analysis 6 Recoil Reduction 4 Salvage Targeting 1 Offensive Hacking 12 Relay Coupler Types 4 Relay Coupler Value 65 Authchip Count 1 Item Schematics ----------------- Cargo Storage Unit | -9/Materials | Scanalyzed Com. Wheel | -9/Materials | Scanalyzed Huge Storage Unit | -9/Materials | Hacked Arm. Wheel | -9/Materials | Hacked Exp. Core Analyzer | -7/Factory | Scanalyzed Exp. Cooling System | -7/Factory | Scanalyzed Lyr. Heavy Armor Plating | -6/Extension | Hacked HERF Cannon | -6/Hub_04(d) | Hacked Robot Schematics ------------------ M-13 Machinist | -10/Materials | Hacked Fabricated ------------ Nothing Repaired ---------- Lgt. Treads | 11% | -10/Materials Lgt. Treads | 15% | -10/Materials Lgt. Treads | 39% | -9/Materials Imp. Assault Rifle | 1% | -9/Materials Arm. Wheel | 30% | -8/Materials Gauss Rifle | 38% | -8/Materials Arm. Wheel | 38% | -8/Materials Alien Tech Used ----------------- None Achievements -------------- None Challenges ------------ None Game ------ Seed HackingDisassembledTerrabomb Manual? 0 Play Time 04:43:40 Cumulative 796.0 hours Start 2025.05.07 @ 22:35:27 End 2025.05.15 @ 00:07:47 Sessions 7 Manual Loads 0 Difficulty Rogue Special Mode None Game No. 458 Rogue 458 Adventurer 0 Explorer 0 Win Type - Total 22 Types 10/3/3/0/1/1/2/2/0/0 Lore% 71 Gallery% 82 Achievement% 82 Wizard Run 0 Options --------- Layout 0 ASCII 0 Keyboard 0 Movement Numpad Keybinds 0 Fullscreen 2 Font 24/Smallcaps Map View 76x50 Zoom Use 0% Tactical HUD 1 Map Filters NONE Filters NONE Steam 1 RUN: 3a553eb3-dd25-45d3-8dc6-6a37d722bbca